 Dungeon Crawl Stone Soup version 0.21.1-1-g345015f (webtiles) character file.

185 thiefofnight the Sneak (level 5, -2/43 HPs)
             Began as a Gnoll Assassin on Apr 28, 2018.
             Was an Initiate of Gozag.
             Killed by the air
             ... invoked by a wind drake
             ... created by the adversity of Qazlal
              (8 damage)
             ... on level 3 of the Dungeon.
             The game lasted 00:16:53 (2190 turns).

thiefofnight the Sneak (Gnoll Assassin)             Turns: 2190, Time: 00:16:53

Health: -2/43      AC:  7    Str: 14    XL:     5   Next: 64%
Magic:  7/7        EV: 13    Int: 13    God:    Gozag
Gold:   102        SH:  0    Dex: 17    Spells: 7/7 levels left

rFire    . . .     SeeInvis .   w - +4 short sword
rCold    . . .     Gourm    .   (no shield)
rNeg     . . .     Faith    .   c - +0 robe
rPois    .         Spirit   .   (no helmet)
rElec    .         Reflect  .   d - +0 cloak
rCorr    .         Harm     .   (no gloves)
MR       .....                  (no boots)
Stlth    ++++......             (no amulet)
HPRegen  0.14/turn              h - +4 ring of protection
MPRegen  0.10/turn              (no ring)

@: no status effects
A: distributed training, fangs 1, strong nose
a: Potion Petition, Call Merchant, Bribe Branch, Renounce Religion


You were on level 3 of the Dungeon.
You worshipped Gozag.
Gozag was aware of your devotion.
You were not hungry.

You visited 1 branch of the dungeon, and saw 4 of its levels.

You collected 132 gold pieces.
You paid 30 gold pieces to Gozag.

Inventory:

Hand Weapons
 a - a +2 dagger
 b - a +0 blowgun
 k - a +0 dagger
 m - a cursed -2 dagger
 q - a +0 dagger
 r - a +0 dagger
 u - a +0 short sword
 v - a +0 dagger
 w - a +4 short sword (weapon)
 x - a +0 dagger
Missiles
 e - 8 poisoned needles
 f - 2 curare-tipped needles
Armour
 c - a +0 robe (worn)
 d - a +0 cloak (worn)
 s - a +0 cloak
 y - a +0 leather armour
 D - a cursed +0 leather armour
 G - a +1 helmet
Jewellery
 h - a +4 ring of protection (left hand)
 j - an uncursed ring of positive energy {unknown}
 l - an uncursed ring of protection from cold {unknown}
 z - a cursed ring of teleportation {unknown}
 E - an uncursed ring of protection from cold {unknown}
 H - an uncursed amulet of faith {unknown}
Scrolls
 n - 3 scrolls of remove curse
 p - 2 scrolls of teleportation
 C - a scroll of enchant weapon {unknown}
Potions
 i - a potion of agility {unknown}
 o - a potion of mutation {unknown}
 t - a potion of flight {unknown}
 A - 3 potions of curing {unknown}
 B - a potion of heal wounds {unknown}
 F - a potion of haste {unknown}
Comestibles
 g - a ration


   Skills:
 + Level 4.8 Fighting
 + Level 4.8 Short Blades
 + Level 1.5 Long Blades
 + Level 1.5 Axes
 + Level 1.5 Maces & Flails
 + Level 1.5 Polearms
 + Level 1.5 Staves
 + Level 1.5 Slings
 + Level 1.5 Bows
 + Level 1.5 Crossbows
 + Level 4.8 Throwing
 + Level 1.5 Armour
 + Level 3.0 Dodging
 + Level 7.9 Stealth
 + Level 1.5 Shields
 + Level 1.5 Unarmed Combat
 + Level 1.5 Spellcasting
 + Level 1.2 Conjurations
 + Level 1.2 Hexes
 + Level 1.2 Charms
 + Level 1.2 Summonings
 + Level 1.2 Necromancy
 + Level 1.2 Translocations
 + Level 1.2 Transmutations
 + Level 1.2 Fire Magic
 + Level 1.2 Ice Magic
 + Level 1.2 Air Magic
 + Level 1.2 Earth Magic
 + Level 1.2 Poison Magic
   Level 1.7 Invocations
 + Level 1.5 Evocations


You had 7 spell levels left.
You didn't know any spells.

Dungeon Overview and Level Annotations

Branches:
Dungeon (4/15)             Temple (0/1) D:4

Altars:
Fedhas
Gozag
Qazlal
Uskayaw


Innate Abilities, Weirdness & Mutations

Your experience applies equally to all skills.
You have very sharp teeth.
Your uncanny sense of smell can sniff out nearby items.


Message History

The gnoll misses you.
You climb upwards.
There is a stone staircase leading down here.
You start resting.
Qazlal causes a mighty clap of thunder!
Qazlal incites the elements against you!
A wind drake comes into view.
There is an open door here.
The wind drake exhales a fierce blast of wind!
The wind drake exhales a fierce blast of wind!
You are blown backwards!
The wind drake flaps its wings at you. The air twists around and strikes you!
The wind drake flaps its wings at you. The air twists around and strikes you!
* * * LOW HITPOINT WARNING * * *
The wind drake flaps its wings at you. The air twists around and strikes you!
You die...
Your body crumbles into a pile of gold.

........####'#.##................
........####.#.##.......#####.###
.......(........'.........#...#
........###...###.........#.#####
........# #...# #.........#.##...
........# #...# #.........#.##...
.###.#### #...# #.......#.#.##...
.....######...###...(...#.#.##...
................@................
...#########.####.......#.#.##...
...# #.# ##......#...#.... ...#
#######.# #..k...#........ ...#
#.......# #......#...#..## ...#
#.......# #####.....##..# ...#
#.......# #######......#..## ####
#.......# #..........#......
#.......# #......k...#....#.


You could see a wind drake.

Vanquished Creatures
  Jessica (D:3)
  A worker ant (D:3)
  2 gnolls (D:4)
  An adder (D:3)
  An ooze (D:2)
  2 worms
  4 dart slugs
  A leopard gecko (D:1)
  5 orcs (D:3)
  3 giant cockroaches
  7 goblins
  6 hobgoblins
  8 jackals (D:1)
  3 quokkas
  4 ball pythons
  9 bats
  6 frilled lizards
  11 kobolds
  6 rats
81 creatures vanquished.

Notes
Turn   | Place    | Note
-------+----------+-------------------------------------------
     0 | D:1      | thiefofnight the Gnoll Assassin began the quest for the Orb.
     0 | D:1      | Reached XP level 1. HP: 20/20 MP: 1/1
    84 | D:1      | Reached XP level 2. HP: 24/26 MP: 2/2
   178 | D:1      | Reached XP level 3. HP: 25/31 MP: 3/3
   425 | D:1      | Reached skill level 1 in Invocations
   550 | D:2      | Found a hide-covered altar of Uskayaw.
   593 | D:2      | Found a blossoming altar of Fedhas.
   660 | D:2      | Reached skill level 1 in Long Blades
   660 | D:2      | Reached skill level 1 in Axes
   660 | D:2      | Reached skill level 1 in Maces & Flails
   660 | D:2      | Reached skill level 1 in Polearms
   660 | D:2      | Reached skill level 1 in Staves
   660 | D:2      | Reached skill level 1 in Slings
   660 | D:2      | Reached skill level 1 in Bows
   660 | D:2      | Reached skill level 1 in Crossbows
   660 | D:2      | Reached skill level 1 in Armour
   660 | D:2      | Reached skill level 1 in Shields
   660 | D:2      | Reached skill level 1 in Unarmed Combat
   660 | D:2      | Reached skill level 1 in Spellcasting
   660 | D:2      | Reached skill level 1 in Evocations
   685 | D:2      | Reached XP level 4. HP: 33/38 MP: 5/5
  1183 | D:2      | Found a faded altar of an unknown god.
  1195 | D:2      | Became a worshipper of Qazlal Stormbringer
  1195 | D:2      | Reached * piety under Qazlal
  1319 | D:3      | Reached skill level 1 in Conjurations
  1319 | D:3      | Reached skill level 1 in Hexes
  1319 | D:3      | Reached skill level 1 in Charms
  1319 | D:3      | Reached skill level 1 in Summonings
  1319 | D:3      | Reached skill level 1 in Necromancy
  1319 | D:3      | Reached skill level 1 in Translocations
  1319 | D:3      | Reached skill level 1 in Transmutations
  1319 | D:3      | Reached skill level 1 in Fire Magic
  1319 | D:3      | Reached skill level 1 in Ice Magic
  1319 | D:3      | Reached skill level 1 in Air Magic
  1319 | D:3      | Reached skill level 1 in Earth Magic
  1319 | D:3      | Reached skill level 1 in Poison Magic
  1324 | D:3      | Noticed Jessica
  1353 | D:3      | Killed Jessica
  1353 | D:3      | Reached XP level 5. HP: 43/43 MP: 5/7
  1631 | D:3      | Found an opulent altar of Gozag.
  1654 | D:3      | Fell from the grace of Qazlal
  1654 | D:3      | Became a worshipper of Gozag Ym Sagoz the Greedy
  2035 | D:4      | Found a staircase to the Ecumenical Temple.
  2156 | D:3      | Noticed a wind drake
  2190 | D:3      | Killed from afar by a wind drake

Skill      XL: |  1  2  3  4  5 |
---------------+----------------+-----
Invocations    | 1 |  1.7
Long Blades    | 1 |  1.5
Axes           | 1 |  1.5
Maces & Flails | 1 |  1.5
Polearms       | 1 |  1.5
Staves         | 1 |  1.5
Slings         | 1 |  1.5
Bows           | 1 |  1.5
Crossbows      | 1 |  1.5
Armour         | 1 |  1.5
Shields        | 1 |  1.5
Unarmed Combat | 1 |  1.5
Spellcasting   | 1 |  1.5
Evocations     | 1 |  1.5
Conjurations   | 1 |  1.2
Hexes          | 1 |  1.2
Charms         | 1 |  1.2
Summonings     | 1 |  1.2
Necromancy     | 1 |  1.2
Translocations | 1 |  1.2
Transmutations | 1 |  1.2
Fire Magic     | 1 |  1.2
Ice Magic      | 1 |  1.2
Air Magic      | 1 |  1.2
Earth Magic    | 1 |  1.2
Poison Magic   | 1 |  1.2
Dodging        | 3 |  3.0
Fighting       | |  4.8
Short Blades   | |  4.8
Throwing       | |  4.8
Stealth        | |  7.9

Action                   |  1- 3 |  4- 6 || total
-------------------------+-------+-------++-------
Melee: Dagger            |   173 |    19 ||   192
       Bite              |    13 |    13 ||    26
       Short sword       |       |    69 ||    69
       Punch             |       |     3 ||     3
  Use: Potion            |     1 |       ||     1
       Scroll            |       |     5 ||     5
 Stab: Sleeping          |     3 |     5 ||     8
  Eat: Chunk             |       |     2 ||     2
       Ration            |       |     1 ||     1
Armor: Robe              |    82 |    29 ||   111
Dodge: Dodged            |   163 |    50 ||   213
Block: Other             |       |     3 ||     3
